 Dungeon Sprint DCSS version 0.29-a0-275-g389c0b56f3 (webtiles) character file.

Game seed: 8305860422165570700

70 Anunax the Skirmisher (level 4, -18/24 HPs)
             Began as a Felid Cinder Acolyte on Mar 10, 2022.
             Was a Follower of Ignis.
             Killed from afar by an oklob plant (26 damage)
             ... with a splash of acid
             ... in the Dungeon (Sprint IV: "Fedhas' Mad Dash").
             The game lasted 00:03:02 (326 turns).

Anunax the Skirmisher (Felid Cinder Acolyte)         Turns: 326, Time: 00:03:03

Health: -18/24     AC: -3    Str: 10    XL:     4   Next: 3%
Magic:  7/7        EV: 15    Int: 16    God:    Ignis [*.....]
Gold:   66         SH:  0    Dex: 13    Spells: 6/6 levels left
                                        Lives:  0   Deaths: 1

rFire   + . .      SeeInvis +     - Unarmed
rCold   . . .      Faith    .   (shield unavailable)
rNeg    . . .      Spirit   .   (body armour unavailable)
rPois   .          Reflect  .   (helmet unavailable)
rElec   .          Harm     .   (cloak unavailable)
rCorr   .          Rampage  .   (gloves unavailable)
Will    .....      NoTele   +   (boots unavailable)
Stlth   +.........              g - amulet of invisibility {+Inv}
HPRegen 0.08/turn               (no ring)
MPRegen 0.10/turn               (no ring)

@: corroded, quick
A: very small, claws 1, fangs 3, see invisible, speed 1, shaggy fur 1, stealthy
paws, no weapons or thrown items, no armour, multi-lived
a: Renounce Religion, Evoke Invisibility, Fiery Armour, Foxfire Swarm, Rising
Flame


You were in the Dungeon.
You worshipped Ignis.
Ignis was aware of your devotion.
You visited 1 branch You collected 66 gold pieces.

Inventory:

Jewellery
 g - the amulet of invisibility (around neck) {+Inv}
   (You found it in the Dungeon)

   [amulet of nothing]

   +Inv:      It lets you turn invisible.
Scrolls
 f - a scroll of blinking
Potions
 a - a potion of curing
 b - a potion of heal wounds
 c - a potion of haste
 d - 2 potions of magic
 e - a potion of berserk rage


   Skills:
 + Level 6.5 Fighting
 + Level 6.4 Unarmed Combat
 + Level 1.5 Spellcasting
 + Level 5.8 Fire Magic


You had 6 spell levels left.
You didn't know any spells.
Your spell library contained the following spells:

 Spells                   Type           Power      Damage    Failure   Level
 Scorch                   Fire           38%        2d6       3%          2


Dungeon Overview and Level Annotations

Branches:
Dungeon (1/1)

Altars:
Cheibriados
Dithmenos
Elyvilon
Gozag
Hepliaklqana
Kikubaaqudgha
Makhleb
Nemelex Xobeh
Okawaru
Qazlal
Ru
Sif Muna
Trog
Uskayaw
Vehumet
Wu Jian
Xom
Yredelemnul
Zin
The Shining One
Beogh
Jiyva
Lugonu

Annotations:
D exclusions: 3 oklob plants and oklob sapling


Innate Abilities, Weirdness & Mutations

You have sharp claws.
You have razor-sharp teeth.
You have supernaturally acute eyesight. (SInv)
You cover ground quickly. (Speed+)
You are covered in fur. (AC +1)
Your paws help you pounce on unaware monsters.
You are incapable of wielding weapons or throwing items.
You cannot wear armour.
You gain extra lives every three experience levels.


Message History

The oklob sapling wizard is almost destroyed.
Your foxfire dissipates!
The foxfire hits the oklob sapling wizard but does no damage.
The oklob sapling wizard is almost destroyed.
Your foxfire dissipates! x2
The oklob sapling wizard stares at you and mumbles some strange words.
The magic dart hits you!
Your foxfire dissipates!
The foxfire hits the oklob sapling wizard but does no damage.
The oklob sapling wizard is almost destroyed.
The oklob sapling wizard spits acid at you.
The splash of acid hits you!!
Ouch! That really hurt!
You die...
The acid corrodes you!
You are now level 4!
You rejoin the land of the living...
Found a ring mail, 15 gold pieces, a robe and a hand axe.
An oklob plant, an oklob plant shifter and an oklob plant summoner come into view.
The oklob plant summoner casts a spell.
Marking area around an oklob plant, an oklob plant shifter and an oklob plant summoner as unsafe for travelling.
You open the door.
A ballistomycete spore comes into view.
The oklob plant shifter spits acid at you.
The splash of acid misses you.
The splash of acid hits the ballistomycete spore!!
The acid corrodes the ballistomycete spore!
The ballistomycete spore explodes!
The explosion of spores engulfs you!
You are confused.
Found a bone wand.
Unknown command.
The oklob plant summoner spits acid at you.
The splash of acid hits you! The acid corrodes you!
You bump into the stone wall.
You feel less confused. The oklob plant spits acid at you.
The splash of acid hits you!!
Ouch! That really hurt!
You die...

###############
._._._._.⌠.#.[+
_._._._._..'.P#
._._._._..†#
_._._._._..#
._._._._.⌠.# ########
################@.P.[)#
+./'...5.[$+
#..#.P....P# ##
##.P.P..# ########


You could see an oklob plant, an oklob plant shifter, an oklob plant summoner
and a shadow imp (summoned).

Vanquished Creatures
  A scorpion (D)
  2 oklob saplings (D)
  A river rat (D)
  A rat (D)
5 creatures vanquished.

Vanquished Creatures (others)
  A ballistomycete spore (D)
  85 foxfires (D)
86 creatures vanquished.

Grand Total: 91 creatures vanquished

Notes
Turn   | Place    | Note
-------+----------+-------------------------------------------
     0 | D        | Anunax the Felid Cinder Acolyte began the quest for the
                  | Orb.
     0 | D        | Reached XP level 1. HP: 10/10 MP: 3/3
     8 | D        | Reached XP level 2. HP: 15/15 MP: 4/4
    13 | D        | Noticed an oklob sapling
    16 | D        | Killed an oklob sapling
    17 | D        | Reached XP level 3. HP: 18/18 MP: 5/5
    20 | D        | Noticed a scorpion
    20 | D        | Found the amulet of invisibility {+Inv}
    27 | D        | Killed a scorpion
    28 | D        | Reached skill level 5 in Fighting
    28 | D        | Reached skill level 5 in Unarmed Combat
    28 | D        | Reached skill level 5 in Fire Magic
    28 | D        | Reached XP level 4. HP: 13/24 MP: 5/7
   157 | D        | Found an opulent altar of Gozag.
   157 | D        | Found a hazy altar of Hepliaklqana.
   157 | D        | Found a burning altar of Makhleb.
   157 | D        | Found a sparkling altar of Nemelex Xobeh.
   157 | D        | Found a sacrificial altar of Ru.
   157 | D        | Found a shimmering blue altar of Sif Muna.
   157 | D        | Found an ornate altar of the Wu Jian Council.
   157 | D        | Found a shimmering altar of Xom.
   157 | D        | Found a basalt altar of Yredelemnul.
   158 | D        | Found a viscous altar of Jiyva.
   158 | D        | Found a snail-covered altar of Cheibriados.
   158 | D        | Found a bloodstained altar of Trog.
   159 | D        | Found an iron altar of Okawaru.
   159 | D        | Found a shadowy altar of Dithmenos.
   159 | D        | Found a glowing silver altar of Zin.
   176 | D        | Reached XP level 5. HP: 15/28 MP: 8/8
   176 | D        | Found an ancient bone altar of Kikubaaqudgha.
   176 | D        | Found a hide-covered altar of Uskayaw.
   177 | D        | Found a stormy altar of Qazlal.
   177 | D        | Found a glowing golden altar of the Shining One.
   177 | D        | Found a white marble altar of Elyvilon.
   178 | D        | Found a radiant altar of Vehumet.
   178 | D        | Found a corrupted altar of Lugonu.
   321 | D        | Killed from afar by an oklob sapling wizard
   322 | D        | Reached XP level 4. HP: -6/24 MP: 7/7
   322 | D        | Noticed an oklob plant
   322 | D        | Noticed an oklob plant shifter
   322 | D        | Noticed an oklob plant summoner
   326 | D        | Killed from afar by an oklob plant

Illustrated notes

Levels and vault maps discovered:
D:        dungeon_sprint_fedhas [sprint_temple]

Skill      XL: |  1  2  3  4 |
---------------+-------------+-----
Fire Magic     | 3 4 5 |  5.8
Fighting       | 4 5 6 |  6.5
Unarmed Combat | 4 5 6 |  6.4
Spellcasting   | |  1.5

Action                   |  1- 3 |  4- 6 || total
-------------------------+-------+-------++-------
Invok: Foxfire Swarm     |     4 |     4 ||     8
Dodge: Dodged            |     2 |     2 ||     4

Table legend: (Time is in decaauts)
 A = Elapsed time spent in this place.
 B = Non-inter-level travel time spent in this place.
 C = Inter-level travel time spent in this place.
 D = Time resting spent in this place.
 E = Time spent auto-exploring this place.
 F = Levels seen in this place.
 G = Mean time per level.
                   A        B        C        D        E       F      G
               +--------+--------+--------+--------+--------+-----+--------+
         Total |    315 |    315 |      0 |    235 |      2 |   1 |  315.0 |
       Dungeon |    315 |    315 |      0 |    235 |      2 |   1 |  315.0 |
               +--------+--------+--------+--------+--------+-----+--------+

Top non-repeatable levels by time:
       D: 315 daAuts
